 Dungeon Crawl Stone Soup version 0.19.5 (webtiles) character file.

3544 artanisace the Grappler (level 9, -14/80 HPs)
             Began as a Troll Monk on May 24, 2017.
             Was a High Priest of Okawaru.
             Demolished by a white ugly thing (30 damage)
             ... on level 8 of the Dungeon.
             The game lasted 00:18:12 (5679 turns).

artanisace the Grappler (Troll Monk)                Turns: 5679, Time: 00:18:13

Health: -14/80     AC:  8    Str: 26    XL:     9   Next: 82%
Magic:  8/8        EV: 11    Int:  6    God:    Okawaru [*****.]
Gold:   332        SH:  0    Dex: 15    Spells: 0 memorised, 8 levels left

rFire  . . .     SeeInvis .       - Unarmed
rCold  . . .     Gourm    +     I - +2 robe {Archmagi}
rNeg   . . .     Faith    .     (no shield)
rPois  +         Spirit   .     (helmet restricted)
rElec  .         Reflect  .     p - +0 cloak
rCorr  .         Harm     .     (gloves unavailable)
MR     .....                    (boots unavailable)
Stlth  ++........               F - amulet of regeneration
                                o - ring of poison resistance
                                g - +5 ring of strength

@: no status effects
A: unfitting armour, claws 3, fast metabolism 3, gourmand, regeneration 1,
shaggy fur 1, tough skin 2
a: Heroism, Finesse, Renounce Religion


You were on level 8 of the Dungeon.
You worshipped Okawaru.
Okawaru was extremely pleased with you.
You were completely stuffed.

You visited 2 branches of the dungeon, and saw 9 of its levels.

You collected 332 gold pieces.

Inventory:

Missiles
 d - 190 stones
 n - 5 needles of sleeping
 r - 18 poisoned needles (quivered)
Armour
 p - a +0 cloak (worn)
 I - a +2 robe of the Archmagi (worn)
Jewellery
 g - a +5 ring of strength (left claw)
 o - a ring of poison resistance (right claw)
 F - an amulet of regeneration (around neck)
 G - a +3 ring of intelligence
 J - an uncursed amulet of the gourmand
Wands
 a - a wand of confusion (31/48)
 x - a wand of random effects (21/48)
 K - a wand of slowing (8/48)
Scrolls
 c - 4 scrolls of teleportation
 h - 2 scrolls of magic mapping
 j - 6 scrolls of remove curse
 l - a scroll of recharging {unknown}
 q - a scroll of immolation {unknown}
 t - a scroll of random uselessness {unknown}
 u - a scroll of enchant armour {unknown}
 w - a scroll of amnesia {unknown}
 y - 2 scrolls of fog {unknown}
Potions
 e - 4 potions of brilliance
 f - a potion of heal wounds {unknown}
 k - 2 potions of lignification
 m - 2 potions of degeneration
 s - a potion of agility
 z - a potion of invisibility
 A - 2 potions of flight
 B - a potion of resistance {unknown}
 C - a potion of mutation
 D - a potion of curing
 E - a potion of cancellation
Comestibles
 b - 3 bread rations
 i - 3 meat rations
 v - 2 slices of pizza
 H - 10 royal jellies
 L - 2 chunks of flesh
 M - 4 fruits


   Skills:
 - Level 2.5 Fighting
 - Level 2.5 Dodging
 - Level 1.0 Stealth
 + Level 13.8 Unarmed Combat


You had 8 spell levels left.
You didn't know any spells.

Dungeon Overview and Level Annotations

Branches:
Dungeon (8/15)             Temple (1/1) D:4            Lair (0/6) D:8

Altars:
Ashenzari
Cheibriados
Dithmenos
Elyvilon
Fedhas
Gozag
Hepliaklqana
Kikubaaqudgha
Makhleb
Nemelex Xobeh
Okawaru
Qazlal
Ru
Sif Muna
Trog
Uskayaw
Vehumet
Xom
Yredelemnul
Zin
The Shining One


Innate Abilities, Weirdness & Mutations

You are too large for most types of armour.
You have claws for hands.
Your metabolism is lightning-fast.
You like to eat raw meat.
Your natural rate of healing is unusually fast.
You are covered in fur. (AC +1)
You have very tough skin. (AC +2)


Message History

You are no longer poisoned.
Found 36 gold pieces.
You barely miss the white ugly thing.
The white ugly thing punches you but does no damage.
You scratch the white ugly thing. You claw the white ugly thing.
The white ugly thing is lightly wounded.
You scratch the white ugly thing.
The white ugly thing is lightly wounded.
The white ugly thing punches you. The white ugly thing freezes you!!
Some of the chunks of flesh in your inventory have rotted away.
You mangle the white ugly thing!!
The white ugly thing is heavily wounded.
The white ugly thing punches you. The white ugly thing freezes you!!
* * * LOW HITPOINT WARNING * * *
You claw the white ugly thing!
The white ugly thing is severely wounded.
The white ugly thing punches you.
* * * LOW HITPOINT WARNING * * *
The white ugly thing freezes you!!
You die...

#........... ...#
####..P....#.. #...
#.<#.......#.. #...
#..##.....##.. #...
#..###...###.. #...
#..÷..........
####...####......##'####
#......u.........##.#
#......@........[##†#
+................##.####
#...............###.....
#.................#.....
#........######...#.....
.$.......# #...#.....
.........# #...#.....
.$.......# #...#.....
....##### #...##....


You could see a white ugly thing.

Vanquished Creatures
  Erica (D:8)
  Grinder (D:6)
  A hungry ghost (D:7)
  3 wargs (D:8)
  A water moccasin (D:5)
  A phantom (D:6)
  4 orc warriors
  An ice beast (D:7)
  A centaur (D:6)
  A big kobold (D:7)
  3 bullfrogs
  A scorpion (D:4)
  3 killer bees (D:8)
  3 wights (D:8)
  A howler monkey (D:5)
  A crimson imp (D:7)
  A hound (D:7)
  4 jellies (D:8)
  4 orc priests
  5 orc wizards
  2 bullfrog skeletons
  2 centaur skeletons (D:6)
  An iguana (D:6)
  2 worker ants
  2 howler monkey skeletons
  9 adders
  6 oozes
  An adder zombie (D:8)
  An adder skeleton (D:7)
  A worm (D:2)
  2 dart slugs
  5 leopard geckos
  17 orcs
  7 bats
  3 giant cockroaches
  11 goblins
  10 hobgoblins
  2 quokkas
  A ball python (D:4)
  5 frilled lizards
  A jackal skeleton (D:7)
  15 kobolds
  A quokka skeleton (D:4)
  A quokka zombie (D:5)
  9 rats
158 creatures vanquished.

Vanquished Creatures (others)
  A plant (D:8)
1 creature vanquished.

Grand Total: 159 creatures vanquished

Notes
Turn   | Place    | Note
-------+----------+-------------------------------------------
     0 | D:1      | artanisace the Troll Monk began the quest for the Orb.
     0 | D:1      | Reached XP level 1. HP: 22/22 MP: 0/0
   251 | D:1      | Reached XP level 2. HP: 29/29 MP: 1/1
   735 | D:1      | Reached skill level 4 in Unarmed Combat
   749 | D:1      | Reached XP level 3. HP: 36/36 MP: 2/2
  1031 | D:2      | Reached XP level 4. HP: 44/44 MP: 3/3
  1216 | D:2      | Reached skill level 5 in Unarmed Combat
  2009 | D:4      | Reached XP level 5. HP: 50/50 MP: 4/4
  2014 | D:4      | Reached skill level 6 in Unarmed Combat
  2287 | D:4      | Reached XP level 6. HP: 59/59 MP: 5/5
  2699 | D:4      | Found a staircase to the Ecumenical Temple.
  2706 | Temple   | Entered the Ecumenical Temple
  2970 | D:5      | Entered Level 5 of the Dungeon
  2986 | D:5      | Noticed a water moccasin
  3001 | D:5      | Killed a water moccasin
  3001 | D:5      | Reached skill level 7 in Unarmed Combat
  3408 | D:5      | Found an iron altar of Okawaru.
  3416 | D:5      | Became a worshipper of Warmaster Okawaru
  3416 | D:5      | Reached * piety under Okawaru
  3416 | D:5      | Reached ** piety under Okawaru
  3517 | D:6      | Reached skill level 8 in Unarmed Combat
  3517 | D:6      | Reached XP level 7. HP: 66/66 MP: 6/6
  3533 | D:6      | Found a radiant altar of Vehumet.
  3533 | D:6      | Found a deep blue altar of Sif Muna.
  3864 | D:6      | Noticed Grinder
  3873 | D:6      | Killed Grinder
  3873 | D:6      | Reached *** piety under Okawaru
  3873 | D:6      | Reached skill level 9 in Unarmed Combat
  4014 | D:6      | Found a sparkling altar of Nemelex Xobeh.
  4076 | D:6      | Reached XP level 8. HP: 53/74 MP: 7/7
  4222 | D:6      | Reached skill level 10 in Unarmed Combat
  4671 | D:7      | Reached skill level 11 in Unarmed Combat
  4940 | D:7      | Reached **** piety under Okawaru
  5125 | D:8      | Noticed Erica
  5139 | D:8      | Killed Erica
  5139 | D:8      | Reached ***** piety under Okawaru
  5139 | D:8      | Reached skill level 12 in Unarmed Combat
  5139 | D:8      | Reached XP level 9. HP: 69/80 MP: 8/8
  5358 | D:8      | Found a staircase to the Lair.
  5374 | D:8      | Reached skill level 13 in Unarmed Combat
  5419 | D:8      | Received a gift from Okawaru
  5671 | D:8      | Noticed a white ugly thing
  5679 | D:8      | Demolished by a white ugly thing

Skill      XL: |  1  2  3  4  5  6  7  8  9 |
---------------+----------------------------+-----
Unarmed Combat | 4 5 6 8 9 12 13 | 13.8
Fighting       | |  2.5
Dodging        | |  2.5
Stealth        | |  1.0

Action                   |  1- 3 |  4- 6 |  7- 9 || total
-------------------------+-------+-------+-------++-------
Melee: Unarmed           |    71 |   147 |   220 ||   438
       Punch             |       |     1 |     8 ||     9
  Use: Scroll            |       |     6 |     6 ||    12
 Stab: Sleeping          |     1 |     3 |     2 ||     6
       Distracted        |       |       |     1 ||     1
  Eat: Chunk             |    13 |    12 |    23 ||    48
       Fruit             |       |     2 |       ||     2
       Beef jerky        |       |     1 |       ||     1
       Meat ration       |       |       |     2 ||     2
       Bread ration      |       |       |     1 ||     1
       Pizza             |       |       |     1 ||     1
Armor: Robe              |    21 |    44 |    39 ||   104
Dodge: Dodged            |    30 |    61 |    91 ||   182
